 Dungeon Crawl Stone Soup version 0.19.1-1-g22dce08 (webtiles) character file.

54532 theAP the Bludgeoner (level 14, -1/98 HPs)
             Began as a Gargoyle Berserker on Jan 2, 2017.
             Was the Champion of Trog.
             Slain by a hill giant
             ... wielding a +0 giant club
              (9 damage)
             ... on level 2 of the Orcish Mines.
             The game lasted 01:05:00 (15548 turns).

theAP the Bludgeoner (Gargoyle Berserker)          Turns: 15548, Time: 01:05:01

Health: -1/98      AC: 37    Str: 34      XL:     14   Next: 73%
Magic:  14/14      EV:  5    Int: 10      God:    Trog [******]
Gold:   748        SH:  8    Dex: 10 (11) Spells: 0 memorised, 13 levels left

rFire  + . .     SeeInvis .     Q - +3 whip (freeze)
rCold  . . .     Gourm    .     D - +12 plate armour "Wimeof" {Stlth+}
rNeg   + . .     Faith    .     Y - +0 shield
rPois  ∞         Spirit   .     h - +2 hat {MR+}
rElec  +         Reflect  .     i - +1 cloak
rCorr  .         Harm     .     j - +0 pair of gloves
MR     ++++.     Clarity  +     (no boots)
Stlth  ..........               V - amulet of regeneration
                                L - +5 ring of strength
                                a - +5 ring of strength

@: exhausted, flying, regenerating, slowed, very slow
A: antennae 1, big wings, agile 1, clarity, deterioration 1, fire resistance 1,
mutation resistance 1, negative energy resistance 1, electricity resistance,
unbreathing, petrification resistance, rot immunity, AC +9
a: Stop Flying, Berserk, Trog's Hand, Brothers in Arms, Burn Spellbooks,
Renounce Religion


You were on level 2 of the Orcish Mines.
You worshipped Trog.
Trog was exalted by your worship.
You were near starving.

You visited 3 branches of the dungeon, and saw 18 of its levels.
You also visited: Bailey.

You collected 748 gold pieces.

Inventory:

Hand Weapons
 Q - a +3 whip of freezing (weapon)
Armour
 h - a +2 hat of magic resistance (worn)
 i - a +1 cloak (worn)
 j - a +0 pair of gloves (worn)
 D - the +12 plate armour "Wimeof" (worn) {Stlth+}
   (You found it on level 8 of the Dungeon)

   It makes you more stealthy.
 Y - a +0 shield (worn)
Jewellery
 a - a +5 ring of strength (left hand)
 L - a +5 ring of strength (right hand)
 V - an amulet of regeneration (around neck)
Wands
 f - a wand of confusion (20/48)
 q - a wand of slowing (28/48)
 t - a wand of lightning (3/15)
 F - a wand of flame (11/48)
 K - a wand of disintegration (13/24)
 N - a wand of slowing (17/48)
 Z - a wand of digging (15/24)
Scrolls
 b - 2 scrolls of fear
 c - 2 scrolls of recharging
 m - 3 scrolls of blinking
 u - 3 scrolls of fog
 w - 5 scrolls of remove curse
 H - 2 scrolls of magic mapping
 I - 4 scrolls of teleportation
 P - 2 scrolls of holy word
Potions
 e - a potion of ambrosia
 l - 2 potions of haste
 n - 2 potions of resistance
 o - 6 potions of magic
 r - 8 potions of curing
 s - 2 potions of brilliance
 v - a potion of lignification
 z - 2 potions of cure mutation
 A - a potion of invisibility
 E - a potion of might
 M - 2 potions of agility
 U - a potion of berserk rage
 W - 6 potions of heal wounds
Books
 d - Sif Muna's Catalogue of Summoning
   (You found it on level 1 of the Orcish Mines)

   Spells                             Type                      Level
   a - Summon Butterflies             Summoning                    1
   Trog disapproves of the use of such an item.
Comestibles
 k - 11 bread rations
 x - 2 slices of pizza
 B - 7 fruits
 C - 4 beef jerkies
 J - 8 meat rations
 T - 2 royal jellies


   Skills:
 + Level 15.3 Fighting
 * Level 19.5 Maces & Flails
 - Level 2.2 Armour
 - Level 1.7 Dodging


You had 13 spell levels left.
You didn't know any spells.

Dungeon Overview and Level Annotations

Branches:
Dungeon (15/15)            Temple (0/1) D:7            Lair (0/6) D:11
    Orc (2/2) D:9          Vaults (0/5) D:14         Depths (1/5) D:15
    Elf: Orc:2

Altars:
Cheibriados
Elyvilon
Gozag
Qazlal
Ru
Sif Muna
Xom
Zin
The Shining One

Shops:
D:11 }   Orc:2 }*

Portals:
Trove: D:13 (give +3 storm dragon scales)

Annotations:
Depths:1 Lovchig's ghost, journeyman DDFi


Innate Abilities, Weirdness & Mutations

You are resistant to torment.
Your stone body is resilient. (AC +9)
You are immune to poison.
Your large and strong wings let you fly indefinitely.
You resist negative energy. (rN+)
You are resistant to electric shocks. (rElec)
You can survive without breathing.
You are immune to petrification.
You are immune to rotting.
You have a pair of small antennae on your head.
You are agile. (Dex +2)
You possess an exceptional clarity of mind.
Your body sometimes deteriorates upon taking damage.
Your flesh is heat resistant. (rF+)
You are somewhat resistant to further mutation.


Message History

The ogre mage hits you but does no damage.
The ogre hits you with a giant club!
* * * LOW HITPOINT WARNING * * *
You closely miss the ogre mage.
The ogre mage is almost dead.
The ogre hits you with a giant club.
* * * LOW HITPOINT WARNING * * *
You block the ogre's attack. You block the two-headed ogre's attack.
The two-headed ogre barely misses you.
You closely miss the ogre mage.
The ogre mage is almost dead.
You hit the ogre mage. You freeze the ogre mage.
You kill the ogre mage!
Trog accepts your kill.
Trog appreciates your killing of a magic user.
You are no longer berserk.
You are exhausted.
You feel yourself slow down.
The hill giant hits you with a giant club!
You die... .. ..# ... ..#.O ...TC##### ...O#COO.## .∩.OOTOOC.# ...COOO@OO#

....TTO)O##
.....OOTT.#
.....O.....#
............#
............#
...##.......#
..# ##.....##


You could see an ettin, a hill giant, an ogre mage, a deep troll, 2 cyclopes, 5
trolls, 3 two-headed ogres and 14 ogres.

Vanquished Creatures
  Gastronok (D:8)
  The ghost of theAP the Warrior, a journeyman GrBe of Trog (D:14)
  A fire dragon (D:14)
  An ogre mage (Orc:2)
  5 vault guards (D:14)
  4 hydras
  3 centaur warriors
  Erica (D:8)
  A tengu warrior (D:15)
  The ghost of Adolfin the Cleaver, a novice DsMo of Ashenzari (D:9)
  An orc high priest (Orc:1)
  6 skeletal warriors
  A deep elf knight (D:13)
  An unseen horror (D:13)
  A deep troll (Orc:2)
  An orc knight (Bailey)
  A flayed ghost (D:15)
  A necromancer (D:15)
  Pikel (D:8)
  6 ugly things
  An orc sorcerer (Orc:1)
  A fire giant zombie (D:15)
  3 deep elf magi
  4 manticores
  4 cyclopes
  A gargoyle (D:14)
  A spriggan skeleton (D:15)
  6 yaktaurs
  A yaktaur zombie (D:15)
  A tengu conjurer (D:14)
  4 trolls
  A queen bee (D:10)
  8 two-headed ogres
  A harpy skeleton (D:14)
  7 hippogriffs
  A deep troll skeleton (D:15)
  A centaur simulacrum (D:14)
  Sigmund (D:2)
  3 shadows
  A spriggan (D:7)
  12 yaks (D:11)
  A human (D:14)
  A vampire (D:11)
  3 wyverns
  A wraith (D:12)
  A hungry ghost (D:11)
  8 vampire mosquitoes (D:13)
  2 soldier ants
  Duvessa (D:6)
  A black bear (D:12)
  5 ice beasts
  5 sky beasts
  15 orc warriors
  A phantom (D:9)
  A necrophage (D:15)
  15 ogres
  3 centaurs
  A crocodile (D:9)
  4 big kobolds
  3 gnoll sergeants
  8 bullfrogs
  Dowan (D:6)
  6 jellies
  A scorpion (D:12)
  41 killer bees
  20 wights
  5 electric eels (D:7)
  3 howler monkeys
  5 centaur zombies
  8 crimson imps
  3 quasits
  A bullfrog skeleton (D:7)
  11 orc priests
  10 hounds
  6 centaur skeletons
  Natasha (thrice) (D:4 D:5)
  3 iguanas
  27 orc wizards
  16 worker ants
  A hound zombie (D:6)
  A hound skeleton (D:8)
  A howler monkey zombie (D:9)
  2 worker ant zombies
  31 gnolls
  A howler monkey skeleton (D:4)
  12 adders
  3 river rats (D:11)
  7 shadow imps
  An ooze (D:2)
  2 adder skeletons (D:4)
  A worm (D:4)
  3 dart slugs
  5 leopard geckos
  78 orcs
  A ball python (D:1)
  5 giant cockroaches
  18 hobgoblins
  24 jackals
  3 quokkas
  17 bats
  2 frilled lizards
  11 goblins
  A jackal skeleton (D:9)
  34 kobolds
  A leopard gecko skeleton (D:5)
  14 rats
632 creatures vanquished.

Vanquished Creatures (others)
  2 deep elf knights (D:13)
  A wizard (D:14)
  A slave (D:8)
  An orc wizard (D:4)
  An orc (D:8)
  A ball python (D:7)
7 creatures vanquished.

Grand Total: 639 creatures vanquished

Notes
Turn   | Place    | Note
-------+----------+-------------------------------------------
     0 | D:1      | theAP the Gargoyle Berserker began the quest for the Orb.
     0 | D:1      | Reached XP level 1. HP: 14/14 MP: 1/1
   161 | D:1      | Reached XP level 2. HP: 14/19 MP: 2/2
   382 | D:1      | Reached XP level 3. HP: 23/23 MP: 3/3
   708 | D:2      | Noticed Sigmund
   717 | D:2      | Killed Sigmund
   717 | D:2      | Reached ** piety under Trog
   717 | D:2      | Reached skill level 5 in Maces & Flails
   717 | D:2      | Reached XP level 4. HP: 30/30 MP: 4/4
   717 | D:2      | Reached XP level 5. HP: 34/34 MP: 5/5
   954 | D:2      | Reached XP level 6. HP: 28/40 MP: 6/6
  1359 | D:3      | Reached skill level 5 in Fighting
  1629 | D:3      | Reached *** piety under Trog
  1767 | D:3      | Reached skill level 6 in Maces & Flails
  1918 | D:3      | Gained mutation: You are robust. (+10% HP) [potion of beneficial mutation]
  2296 | D:4      | Found a stormy altar of Qazlal.
  2325 | D:4      | Reached XP level 7. HP: 40/48 MP: 7/7
  2626 | D:4      | Found a shimmering altar of Xom.
  2634 | D:4      | Found an opulent altar of Gozag.
  2703 | D:4      | Reached skill level 7 in Maces & Flails
  2705 | D:4      | Found a white marble altar of Elyvilon.
  2776 | D:4      | Noticed Natasha
  2777 | D:4      | Reached **** piety under Trog
  2790 | D:4      | Killed Natasha
  3131 | D:4      | Reached XP level 8. HP: 56/56 MP: 8/8
  3369 | D:5      | Entered Level 5 of the Dungeon
  3466 | D:5      | Reached skill level 8 in Maces & Flails
  3528 | D:5      | Noticed Natasha
  3541 | D:5      | Killed Natasha
  3590 | D:5      | Noticed Natasha
  3594 | D:5      | Killed Natasha
  3647 | D:5      | You fall through a shaft for 3 floors!
  3694 | D:8      | Got a heavily runed plate armour
  3712 | D:8      | Identified the +12 plate armour "Wimeof" {Stlth+} (You found it on level 8 of the Dungeon)
  3844 | D:7      | Noticed a troll
  3851 | D:7      | Reached skill level 9 in Maces & Flails
  3857 | D:7      | Killed a troll
  3859 | D:7      | Reached XP level 9. HP: 52/63 MP: 9/9
  3863 | D:7      | Reached ***** piety under Trog
  3872 | D:7      | Received a gift from Trog
  3909 | D:7      | Reached skill level 10 in Maces & Flails
  4079 | D:7      | Noticed a manticore
  4100 | D:7      | Killed a manticore
  4243 | D:7      | Found a staircase to the Ecumenical Temple.
  4344 | D:7      | Reached skill level 11 in Maces & Flails
  4562 | D:6      | Found a snail-covered altar of Cheibriados.
  4660 | D:6      | Found a sacrificial altar of Ru.
  4711 | D:6      | Noticed Duvessa
  4713 | D:6      | Noticed Dowan
  4721 | D:6      | Killed Duvessa
  4732 | D:6      | Killed Dowan
  4772 | D:6      | Reached XP level 10. HP: 72/72 MP: 10/10
  5873 | D:8      | Noticed Erica
  5903 | D:8      | Killed Erica
  5903 | D:8      | Reached skill level 12 in Maces & Flails
  6194 | D:8      | Noticed Pikel
  6203 | D:8      | Killed Pikel
  6306 | D:8      | Noticed Gastronok
  6315 | D:8      | Reached skill level 10 in Fighting
  6335 | D:8      | Killed Gastronok
  6335 | D:8      | Reached skill level 13 in Maces & Flails
  6335 | D:8      | Reached XP level 11. HP: 79/80 MP: 11/11
  6959 | D:9      | Found a glowing silver altar of Zin.
  7097 | D:9      | Reached ****** piety under Trog
  7097 | D:9      | Reached skill level 14 in Maces & Flails
  7141 | D:9      | Noticed Adolfin's ghost (novice DsMo)
  7176 | D:9      | Killed Adolfin's ghost
  7352 | D:9      | Received a gift from Trog
  7569 | D:9      | Received a gift from Trog
  7662 | D:9      | Found a staircase to the Orcish Mines.
  7864 | D:10     | Entered Level 10 of the Dungeon
  8275 | D:10     | Found a flagged portal.
  8350 | Bailey   | Entered a bailey
  8421 | Bailey   | Noticed an orc knight
  8530 | Bailey   | Killed an orc knight
  8530 | Bailey   | Reached skill level 15 in Maces & Flails
  8544 | Bailey   | Received a gift from Trog
  8929 | D:10     | Reached XP level 12. HP: 87/89 MP: 12/12
  9116 | D:10     | Gained mutation: You are somewhat resistant to further mutation. [potion of beneficial mutation]
  9117 | D:10     | Gained mutation: You are agile. (Dex +2) [potion of beneficial mutation]
  9561 | D:11     | Noticed a five-headed hydra
  9580 | D:11     | Killed a five-headed hydra
 10102 | D:11     | Received a gift from Trog
 10191 | D:11     | Reached skill level 16 in Maces & Flails
 10335 | D:11     | Found Jongika's Gadget Shop.
 10672 | D:11     | Found a staircase to the Lair.
 11135 | D:12     | Reached XP level 13. HP: 96/96 MP: 13/13
 11355 | D:12     | Lost mutation: You are robust. (+10% HP) [mutagenic meat]
 11625 | D:12     | Reached skill level 17 in Maces & Flails
 12169 | D:13     | Found a portal to a secret trove of treasure.
 12236 | D:13     | Received a gift from Trog
 12656 | D:14     | Received a gift from Trog
 12696 | D:14     | Noticed a vault guard
 12707 | D:14     | Noticed theAP's ghost (journeyman GrBe)
 12745 | D:14     | Killed theAP's ghost
 12822 | D:14     | Noticed a vault guard
 12886 | D:14     | Noticed a vault guard
 12952 | D:14     | Killed a vault guard
 12988 | D:14     | Killed a vault guard
 12988 | D:14     | Reached skill level 18 in Maces & Flails
 13035 | D:14     | Killed a vault guard
 13048 | D:14     | Found a gate to the Vaults.
 13048 | D:14     | Noticed a vault guard
 13048 | D:14     | Noticed a vault guard
 13079 | D:14     | Killed a vault guard
 13137 | D:14     | Killed a vault guard
 13378 | D:14     | Gained mutation: You expend magic power (3 MP) to strengthen your wands. [mutagenic meat]
 13379 | D:14     | Gained mutation: You possess an exceptional clarity of mind. [mutagenic meat]
 13417 | D:14     | Found a glowing golden altar of the Shining One.
 13434 | D:14     | Noticed a fire dragon
 13454 | D:14     | Killed a fire dragon
 13454 | D:14     | Gained mutation: Your large and strong wings let you fly indefinitely. [Gargoyle growth]
 13454 | D:14     | Reached XP level 14. HP: 50/96 MP: 14/14
 13901 | D:15     | Entered Level 15 of the Dungeon
 14022 | D:15     | Gained mutation: You have a pair of small antennae on your head. [potion of mutation]
 14179 | D:15     | Received a gift from Trog
 14250 | D:15     | Gained mutation: Your flesh is heat resistant. (rF+) [mutagenic meat]
 14319 | D:15     | Gained mutation: Your body sometimes deteriorates upon taking damage. [mutagenic meat]
 14323 | D:15     | Lost mutation: You expend magic power (3 MP) to strengthen your wands. [mutagenic meat]
 14332 | D:15     | Found a staircase to the Depths.
 14395 | D:15     | Reached skill level 19 in Maces & Flails
 14507 | D:15     | Reached skill level 15 in Fighting
 14891 | Depths:1 | Entered Level 1 of the Depths
 14958 | Depths:1 | Noticed Lovchig's ghost (journeyman DDFi)
 15318 | Orc:1    | Entered Level 1 of the Orcish Mines
 15353 | Orc:1    | Paralysed by an orc sorcerer for 3 turns
 15443 | Orc:1    | Found a deep blue altar of Sif Muna.
 15499 | Orc:1    | Identified Sif Muna's Catalogue of Summoning
 15502 | Orc:2    | Entered Level 2 of the Orcish Mines
 15502 | Orc:2    | Found Henwi Mupt's Gadget Shop.
 15502 | Orc:2    | Found Oziuxa's Assorted Antiques.
 15548 | Orc:2    | Slain by a hill giant

Skill      XL: |  1  2  3  4  5  6  7  8  9 10 11 12 13 14 |
---------------+-------------------------------------------+-----
Fighting       | 4 5 6 7 9 10 11 13 14 15 | 15.3
Maces & Flails | 5 6 7 9 11 13 15 16 18 19 | 19.5
Armour         | |  2.2
Dodging        | |  1.7

Action                   |  1- 3 |  4- 6 |  7- 9 | 10-12 | 13-15 || total
-------------------------+-------+-------+-------+-------+-------++-------
Melee: Mace              |    90 |   281 |   331 |   138 |       ||   840
       Whip              |       |       |       |  1503 |  1172 ||  2675
Invok: Berserk           |     2 |     3 |     5 |    10 |     5 ||    25
       Burn Spellbooks   |       |       |       |     1 |     1 ||     2
       Trog's Hand       |       |       |       |     1 |     1 ||     2
 Abil: Fly               |       |       |       |       |     1 ||     1
Evoke: Wand              |       |       |       |       |     9 ||     9
  Use: Scroll            |     3 |     4 |     8 |     8 |     4 ||    27
       Potion            |       |     2 |       |     5 |     7 ||    14
  Eat: Bread ration      |       |     1 |       |       |       ||     1
       Chunk             |       |     6 |     7 |    31 |    23 ||    67
       Meat ration       |       |       |     1 |       |       ||     1
       Royal jelly       |       |       |       |     4 |     7 ||    11
       Beef jerky        |       |       |       |     1 |       ||     1
Armor: Animal skin       |    40 |     4 |       |       |       ||    44
       Scale mail        |       |   225 |   103 |       |       ||   328
       Ring mail         |       |    26 |       |       |       ||    26
       Plate armour      |       |       |   200 |  1123 |   803 ||  2126
Dodge: Dodged            |    75 |   246 |   168 |   368 |   173 ||  1030
Block: Buckler           |       |       |       |    68 |       ||    68
       Shield            |       |       |       |   185 |   357 ||   542
